 Dungeon Crawl Stone Soup version 0.24.0-123-gd5b16e6ec5 (webtiles) character file.

Game seed: 2934230271863934081, levelgen mode: deterministic

409 FishyPogo the Sneak (level 6, -11/26 HPs)
             Began as a Felid Venom Mage on Jan 9, 2020.
             Was a Believer of Vehumet.
             Killed by divine providence
             ... invoked by an orc priest
              (13 damage)
             ... on level 6 of the Dungeon.
             The game lasted 00:33:51 (7594 turns).

FishyPogo the Sneak (Felid Venom Mage)              Turns: 7594, Time: 00:33:52

Health: -11/26     AC:  2    Str:  4    XL:     6   Next: 58%
Magic:  9/13       EV: 22    Int: 19    God:    Vehumet [**....]
Gold:   71         SH:  0    Dex: 16    Spells: 1/14 levels left
                                        Lives:  0   Deaths: 2

rFire    . . .     SeeInvis +   (weapon unavailable)
rCold    . . .     Gourm    .   (shield unavailable)
rNeg     . . .     Faith    .   (armour unavailable)
rPois    .         Spirit   .   (helmet unavailable)
rElec    .         Reflect  .   (cloak unavailable)
rCorr    .         Harm     .   (gloves unavailable)
MR       .....                  (boots unavailable)
Stlth    +++.......             (no amulet)
HPRegen  0.08/turn              g - +2 ring of evasion
MPRegen  0.13/turn              (no ring)

@: quick
A: very small, no armour, no weapons or thrown items, stealth, claws 1, fangs 3,
see invisible, carnivore, speed 1, shaggy fur 2, slow metabolism 1, sharp paws
a: Renounce Religion


You were on level 6 of the Dungeon.
You worshipped Vehumet.
Vehumet was pleased with you.
You were very full.

You visited 1 branch of the dungeon, and saw 6 of its levels.
You also visited: Ossuary.

You collected 416 gold pieces.
You spent 345 gold pieces at shops.

Inventory:

Jewellery
 g - a +2 ring of evasion (left paw)
Wands
 r - a wand of random effects (23)
Scrolls
 c - 3 scrolls of remove curse
 d - 6 scrolls of identify
 i - 2 scrolls of magic mapping
 n - a scroll of teleportation
 o - a scroll of noise
 p - a scroll of immolation
Potions
 l - a potion of brilliance
Comestibles
 b - 10 rations


   Skills:
 + Level 2.2 Fighting
 - Level 5.1 Dodging
 - Level 5.4 Stealth
 * Level 4.5 Spellcasting
 * Level 4.7 Conjurations
 + Level 4.0 Poison Magic
 + Level 0.6 Evocations


You had one spell level left.
You knew the following spells:

 Your Spells              Type           Power        Failure   Level  Hunger
a - Sting                 Conj/Pois      ###.         2%          1    None
b - Poisonous Vapours     Pois/Air       ##....       9%          2    #......
c - Mephitic Cloud        Conj/Pois/Air  ###.....     12%         3    ###....
k - Olgreb's Toxic Radia  Pois           ###.....     24%         4    ####...
u - Shock                 Conj/Air       ##..         4%          1    None
x - Apportation           Tloc           #.....       13%         1    None
y - Freeze                Ice            #...         13%         1    None

Your spell library contained the following spells:

 Spells                   Type           Power        Failure   Level  Hunger
 Animate Skeleton         Necr           N/A          13%         1    None
 Confusing Touch          Hex            #.....       13%         1    None
 Summon Small Mammal      Summ           #...         13%         1    None
 Venom Bolt               Conj/Pois      ###.......   52%         5    ######.


Dungeon Overview and Level Annotations

Branches:
Dungeon (6/15)             Temple (0/1) D:5         Ossuary (visited)

Altars:
Ashenzari
Dithmenos
Kikubaaqudgha
Makhleb
Sif Muna
Trog
Vehumet
Wu Jian

Shops:
D:6 *


Innate Abilities, Weirdness & Mutations

You cannot wear armour.
You are incapable of wielding weapons or throwing items.
Your paws allow you to move quietly. (Stealth)
You have sharp claws.
You have razor-sharp teeth.
You have supernaturally acute eyesight. (SInv)
You are carnivorous and can eat meat at any time.
You cover ground quickly.
You are covered in thick fur. (AC +2)
You have a slow metabolism.
Your sharp claws are effective at attacking unaware monsters.


Message History

The orc wizard flickers and vanishes for a moment.
Press: ? - help, v - describe, . - travel
Here: an orc wizard, wielding a -1 dagger and wearing a +0 robe (fast, slightly transparent)
The floor.
Okay, then.
The orc warrior misses you.
A quokka zombie comes into view.
The orc warrior hits the bullfrog zombie with a +0 hand axe!
The quokka zombie moves out of view.
The giant cockroach misses you.
The giant cockroach completely misses you.
The bullfrog zombie hits you.
The giant cockroach completely misses you.
The orc wizard points at you and mumbles some strange words.
The magic dart hits you!
* * * LOW HITPOINT WARNING * * *
The orc priest calls down the wrath of Beogh upon you.
Beogh smites you!
Ouch! That really hurt!
You die...

#########################
#............o..o........
#..........o...sZ........
#...........>...@........
#..h.##...##.............
#....##...##...##........
'........o##..o##........
##.h.##..................
######....(...##...####Z
##...##...##...##...#
.....##...##.(.......
..........##...##....


You could see an orc warrior (confused), an orc priest, 2 orc wizards, a
bullfrog zombie and a giant cockroach.

Vanquished Creatures
  A phantom (D:6)
  2 ogres (D:4)
  An orc warrior (D:5)
  2 centaurs
  A centaur zombie (Ossuary)
  An orc wizard (D:5)
  3 hounds
  3 orc priests
  3 worker ants
  A mummy (Ossuary)
  Robin (D:2)
  6 gnolls
  3 adders
  2 shadow imps (D:6)
  An ooze (D:1)
  4 worms
  5 leopard geckos
  21 orcs
  A ball python (D:2)
  4 bats
  2 giant cockroaches
  15 goblins
  6 hobgoblins
  10 jackals
  4 quokkas
  A ball python skeleton (D:4)
  3 frilled lizards
  8 hobgoblin zombies (Ossuary)
  A jackal skeleton (D:4)
  8 kobolds
  6 kobold zombies (Ossuary)
  9 orc zombies (Ossuary)
  A quokka skeleton (D:4)
  A rat (D:2)
  A rat zombie (Ossuary)
142 creatures vanquished.

Vanquished Creatures (others)
  A withered plant (D:5)
1 creature vanquished.

Grand Total: 143 creatures vanquished

Notes
Turn   | Place    | Note
-------+----------+-------------------------------------------
     0 | D:1      | FishyPogo the Felid Venom Mage began the quest for the Orb.
     0 | D:1      | Reached XP level 1. HP: 7/7 MP: 4/4
   268 | D:1      | Reached skill level 1 in Conjurations
   702 | D:1      | Reached XP level 2. HP: 2/11 MP: 0/6
   706 | D:1      | Learned a level 2 spell: Poisonous Vapours
  1266 | D:2      | Noticed Robin
  1304 | D:2      | Killed Robin
  1304 | D:2      | Reached XP level 3. HP: 13/14 MP: 0/7
  1309 | D:2      | Learned a level 3 spell: Mephitic Cloud
  1474 | D:2      | Found an ornate altar of the Wu Jian Council.
  1584 | D:2      | Found a burning altar of Makhleb.
  1765 | D:2      | Reached XP level 4. HP: 18/18 MP: 2/8
  2808 | D:3      | Noticed a centaur
  3199 | D:3      | Killed a centaur
  3199 | D:3      | Reached XP level 5. HP: 4/21 MP: 0/9
  3555 | D:3      | Found a radiant altar of Vehumet.
  3555 | D:3      | Found a shimmering blue altar of Sif Muna.
  4005 | D:3      | Became a worshipper of Vehumet
  4070 | D:4      | Noticed an ogre
  4395 | D:4      | Gained mutation: You are covered in thick fur. (AC +2)
                  | [Felid growth]
  4395 | D:4      | Reached XP level 6. HP: 24/24 MP: 6/11
  4691 | D:4      | Learned a level 4 spell: Olgreb's Toxic Radiance
  5104 | D:4      | Reached XP level 7. HP: 27/27 MP: 8/13
  5304 | D:5      | Entered Level 5 of the Dungeon
  5522 | D:5      | HP: 1/27 [orc priest/divine providence (14)]
  5528 | D:5      | Reached skill level 5 in Stealth
  5540 | D:5      | Reached * piety under Vehumet
  5540 | D:5      | Offered knowledge of Freeze by Vehumet.
  5543 | D:5      | Learned a level 1 spell: Freeze
  5584 | D:5      | Found a staircase to the Ecumenical Temple.
  5624 | D:5      | Reached skill level 5 in Dodging
  5676 | D:5      | Found a shadowy altar of Dithmenos.
  5682 | D:5      | Found a sand-covered staircase.
  5689 | Ossuary  | Entered an ossuary
  6068 | Ossuary  | HP: 2/42 [mummy (1)]
  6069 | Ossuary  | Mangled by a mummy
  6070 | Ossuary  | Reached XP level 6. HP: -9/37 MP: 13/13
  6113 | Ossuary  | Reached skill level 1 in Fighting
  6224 | Ossuary  | Slain by an elf zombie
  6225 | Ossuary  | Reached XP level 5. HP: -2/22 MP: 12/12
  6694 | D:5      | Found an ancient bone altar of Kikubaaqudgha.
  6721 | D:5      | Reached XP level 6. HP: 26/26 MP: 9/13
  6727 | D:5      | Reached ** piety under Vehumet
  6768 | D:5      | Found a bloodstained altar of Trog.
  6769 | D:5      | Found a shattered altar of Ashenzari.
  7140 | D:6      | Found Zucuj's Assorted Antiques.
  7160 | D:6      | Offered knowledge of Shock by Vehumet.
  7163 | D:6      | Learned a level 1 spell: Shock
  7166 | D:6      | Bought a paperback book for 345 gold pieces
  7168 | D:6      | Learned a level 1 spell: Apportation
  7559 | D:6      | Noticed an orc warrior
  7594 | D:6      | Killed from afar by an orc priest

Levels and vault maps discovered:
D:1:      evilmike_arrival_plus, layout_rooms, minmay_misc_feat_more_columns
D:2:      layout_loops_ring, nicolae_overflow_hidden_temple, bloody_makhleb,
          uniq_robin
D:3:      corexii_shack_village, layout_basic, grunt_temple_overflow_open,
          first_ration, st_stairs_9
D:4:      layout_rooms
D:5:      layout_cave_pools, gammafunk_temple_overflow_pools,
          kiku_gazebo_garden_becter, nicolae_dithmenos_shadow_blocks,
          minmay_temple_entry_statues_pillars, chequers_ossuary_entry_cave
D:6:      layout_gridville, kennysheep_mini_moat, nicolae_tso_besieged_by_evil,
          xom_teletrap_fun, serial_shops, nicolae_shop_overgrown_old_shop

Skill      XL: |  1  2  3  4  5  6  7 |
---------------+----------------------+-----
Conjurations   | 1 2 3 4 |  4.7
Poison Magic   | 3 4 |  4.0
Stealth        | 3 4 5 |  5.4
Dodging        | 3 4 5 |  5.1
Spellcasting   | 3 4 |  4.5
Fighting       | 2 |  2.2
Evocations     | |  0.6

Action                   |  1- 3 |  4- 6 |  7- 9 || total
-------------------------+-------+-------+-------++-------
Melee: Unarmed           |    27 |   176 |   148 ||   351
       Bite              |     5 |    15 |    11 ||    31
 Cast: Sting             |    53 |   143 |    45 ||   241
       Poisonous Vapours |     5 |    24 |     3 ||    32
       Mephitic Cloud    |       |     6 |     3 ||     9
       Freeze            |       |    19 |     3 ||    22
       Shock             |       |    14 |       ||    14
  Use: Potion            |       |     1 |     4 ||     5
       Scroll            |       |     1 |     9 ||    10
 Stab: Sleeping          |     1 |     6 |     5 ||    12
       Confused          |       |     1 |       ||     1
  Eat: Chunk             |    10 |    16 |     2 ||    28
Armor: Skin              |     1 |    10 |    35 ||    46
Dodge: Dodged            |    32 |   189 |   125 ||   346
